 Dungeon Sprint DCSS version 0.21.1-1-g345015f (webtiles) character file.

1352 sanboga the Cleaver (level 8, -5/151 HPs)
             Began as an Ogre Berserker on May 8, 2018.
             Was an Elder of Trog.
             Slain by a polar bear (17 damage)
             ... in the Dungeon (Sprint II: "The Violet Keep of Menkaure").
             The game lasted 00:02:48 (876 turns).

sanboga the Cleaver (Ogre Berserker)                 Turns: 876, Time: 00:02:48

Health: -5/151     AC:  3    Str: 29    XL:     8   Next: 63%
Magic:  8/8        EV: 13    Int:  8    God:    Trog [****..]
Gold:   479        SH:  0    Dex:  8    Spells: 7/7 levels left

rFire    . . .     SeeInvis .   a - +0 hand axe
rCold    . . .     Gourm    .   (no shield)
rNeg     . . .     Faith    .   j - +0 robe
rPois    .         Spirit   .   (helmet restricted)
rElec    .         Reflect  .   k - scarf {repulsion}
rCorr    .         Harm     .   (gloves unavailable)
MR       .....     NoTele   +   (boots unavailable)
Stlth    ..........             (no amulet)
HPRegen  0.35/turn              (no ring)
MPRegen  0.11/turn              (no ring)

@: berserking (expiring), repel missiles, very quick
A: large, unfitting armour, tough skin 1
a: Berserk, Trog's Hand, Brothers in Arms, Burn Spellbooks, Renounce Religion


You were in the Dungeon.
You worshipped Trog.
Trog was greatly pleased with you.
You were not hungry.

You visited 1 branch You collected 736 gold pieces.
You spent 257 gold pieces at shops.

Inventory:

Hand Weapons
 a - a +0 hand axe (weapon)
Armour
 j - a +0 robe (worn)
 k - a scarf of repulsion (worn)
Scrolls
 b - a scroll of remove curse
 i - a scroll of blinking
Potions
 d - a potion of curing
 e - a potion of heal wounds
 f - a potion of haste
 g - 2 potions of magic
 h - a potion of berserk rage
 l - a potion of lignification


   Skills:
 + Level 12.5 Fighting
 * Level 13.1 Axes
 + Level 9.1 Dodging


You had 7 spell levels left.
You didn't know any spells.

Dungeon Overview and Level Annotations

Branches:
Dungeon (1/1)

Altars:
Cheibriados
Dithmenos
Elyvilon
Hepliaklqana
Kikubaaqudgha
Makhleb
Qazlal
Ru
Sif Muna
Trog
Uskayaw
Wu Jian
Xom
Yredelemnul
Zin
The Shining One
Beogh
Jiyva
Lugonu

Shops:
D !*:=?}[%(:=::[=!

Annotations:
D exclusion: oklob plant


Innate Abilities, Weirdness & Mutations

You are too large for most types of armour.
You have tough skin. (AC +1)


Message History

* * * LOW HITPOINT WARNING * * *
The polar bear claws you.
* * * LOW HITPOINT WARNING * * *
You barely miss the polar bear.
The polar bear is almost dead.
You hit the polar bear. The polar bear bites you.
* * * LOW HITPOINT WARNING * * *
The polar bear claws you.
* * * LOW HITPOINT WARNING * * *
The polar bear claws you but does no damage.
You slash the polar bear!
You kill the polar bear!
Trog accepts your kill.
Your Axes skill increases to level 13!
Your Dodging skill increases to level 9!
You slash the polar bear! You hit the polar bear.
The polar bear is almost dead.
The polar bear bites you!
You die...

# .. #. .##.### +.###
#.# ...# ...#### .##
#..## #..##$# ## .##..#
+..#c.# ##w..#..#
#..#hy# .+#
+..####..##@#
##.w.#....###...##▓▓ ##
.##......≈≈≈≈≈≈≈≈≈≈≈
.####≈≈.....≈#+########
..#≈≈≈§§≈≈..≈#.._._._.#
.##≈§≈≈≈§≈≈.≈#._._._..#
##≈≈≈≈§≈≈≈≈≈≈#_._._._.#
≈≈≈≈§§≈≈≈≈≈§≈#._._._._#
+++#§≈§≈≈§§§≈#.._._._.#


You could see a polar bear, a yaktaur and a hornet.

Vanquished Creatures
  A merfolk siren (D)
  2 polar bears (D)
  2 hippogriffs (D)
  A vampire mosquito (D)
  Menkaure (D)
  3 worms (D)
10 creatures vanquished.

Vanquished Creatures (others)
  A crocodile (D)
1 creature vanquished.

Grand Total: 11 creatures vanquished

Notes
Turn   | Place    | Note
-------+----------+-------------------------------------------
     0 | D        | sanboga the Ogre Berserker began the quest for the Orb.
     0 | D        | Reached XP level 1. HP: 24/24 MP: 1/1
    10 | D        | Reached skill level 4 in Axes
    10 | D        | Reached XP level 2. HP: 9/33 MP: 2/2
    12 | D        | Killed a crocodile
   243 | D        | Found Waosotso's Book Emporium.
   243 | D        | Found Neovvues's Antique Armour Emporium.
   243 | D        | Found Zilus's Antique Weapon Shoppe.
   243 | D        | Found Dauduasy's Distillery.
   243 | D        | Found Etaqowk's Jewellery Shoppe.
   243 | D        | Found Gatokk's Book Shoppe.
   243 | D        | Found Asie's Jewellery Shoppe.
   244 | D        | Found Fodic's Book Emporium.
   244 | D        | Found Anuocuca's Food Shoppe.
   250 | D        | Reached ** piety under Trog
   269 | D        | Noticed a hippogriff
   269 | D        | Noticed a hippogriff
   273 | D        | Noticed a merfolk siren
   284 | D        | Killed a merfolk siren
   284 | D        | Reached skill level 9 in Axes
   284 | D        | Reached XP level 3. HP: 52/52 MP: 3/3
   284 | D        | Reached XP level 4. HP: 58/59 MP: 4/4
   284 | D        | Reached XP level 5. HP: 66/67 MP: 5/5
   284 | D        | Reached XP level 6. HP: 76/76 MP: 6/6
   402 | D        | Killed a hippogriff
   402 | D        | Reached skill level 10 in Fighting
   402 | D        | Reached skill level 11 in Axes
   402 | D        | Reached XP level 7. HP: 87/87 MP: 7/7
   405 | D        | Killed a hippogriff
   405 | D        | Reached *** piety under Trog
   519 | D        | Noticed a tyrant leech
   519 | D        | Noticed a tyrant leech
   530 | D        | Found Behasod's Antique Armour Shoppe.
   530 | D        | Found Zuuc's Gadget Emporium.
   531 | D        | Noticed a spiny frog
   532 | D        | Noticed a spiny frog
   532 | D        | Found Liewnem's Magic Scroll Emporium.
   532 | D        | Found Teumiesm's Jewellery Shoppe.
   532 | D        | Noticed Menkaure
   532 | D        | Noticed an oklob plant
   533 | D        | Found Woyf's General Store.
   533 | D        | Found Niviz's Book Shoppe.
   533 | D        | Found Xaisas's Distillery.
   535 | D        | Noticed an iron elemental
   548 | D        | Killed Menkaure
   548 | D        | Reached skill level 12 in Axes
   592 | D        | Bought a robe for 15 gold pieces
   592 | D        | Bought a runed scarf for 176 gold pieces
   709 | D        | Bought a scroll of remove curse for 33 gold pieces
   709 | D        | Bought a potion of lignification for 33 gold pieces
   729 | D        | Noticed a vampire mosquito
   735 | D        | Killed a vampire mosquito
   735 | D        | Reached XP level 8. HP: 98/98 MP: 8/8
   828 | D        | Noticed a flying skull
   829 | D        | Noticed a flying skull
   829 | D        | Noticed a flying skull
   830 | D        | Noticed a flying skull
   831 | D        | Noticed a flying skull
   832 | D        | Noticed a flying skull
   832 | D        | Noticed a flying skull
   833 | D        | Noticed a flying skull
   833 | D        | Noticed a flying skull
   834 | D        | Noticed a flying skull
   834 | D        | Noticed a flying skull
   835 | D        | Noticed a flying skull
   843 | D        | Found a roughly hewn altar of Beogh.
   845 | D        | Found a hazy altar of Hepliaklqana.
   845 | D        | Found a snail-covered altar of Cheibriados.
   846 | D        | Found a stormy altar of Qazlal.
   846 | D        | Found a viscous altar of Jiyva.
   846 | D        | Found a shadowy altar of Dithmenos.
   847 | D        | Found a sacrificial altar of Ru.
   847 | D        | Found an ancient bone altar of Kikubaaqudgha.
   847 | D        | Found a white marble altar of Elyvilon.
   848 | D        | Found an ornate altar of the Wu Jian Council.
   848 | D        | Found a deep blue altar of Sif Muna.
   848 | D        | Found a corrupted altar of Lugonu.
   849 | D        | Found a shimmering altar of Xom.
   849 | D        | Found a bloodstained altar of Trog.
   849 | D        | Found a burning altar of Makhleb.
   850 | D        | Found a glowing golden altar of the Shining One.
   850 | D        | Found a basalt altar of Yredelemnul.
   850 | D        | Found a hide-covered altar of Uskayaw.
   851 | D        | Found a glowing silver altar of Zin.
   852 | D        | Noticed a yaktaur
   852 | D        | Noticed a hornet
   852 | D        | Noticed a polar bear
   853 | D        | Noticed a polar bear
   864 | D        | Killed a polar bear
   864 | D        | Reached **** piety under Trog
   865 | D        | Noticed a polar bear
   875 | D        | Killed a polar bear
   875 | D        | Reached skill level 13 in Axes
   876 | D        | Slain by a polar bear

Skill      XL: |  1  2  3  4  5  6  7  8 |
---------------+-------------------------+-----
Dodging        | 3 6 7 8 9 |  9.1
Axes           | 4 9 11 12 13 | 13.1
Fighting       | 9 10 11 12 | 12.5

Action                   |  1- 3 |  4- 6 |  7- 9 || total
-------------------------+-------+-------+-------++-------
Melee: Hand axe          |    20 |     6 |    34 ||    60
Invok: Berserk           |     2 |     1 |     3 ||     6
  Eat: Chunk             |       |       |     3 ||     3
       Ration            |       |       |     1 ||     1
Armor: Animal skin       |     1 |       |       ||     1
       Robe              |       |       |    15 ||    15
Dodge: Dodged            |     7 |     3 |    16 ||    26
